 Dungeon Crawl Stone Soup version 0.14-a0-2986-gd1872aa (webtiles) character file.

539 JEFFREY the Poker (level 6, -3/52 HPs)
             Began as a Demigod Fighter on Mar 6, 2014.
             Slain by a big kobold
             ... wielding a +0,+0 short sword
              (4 damage)
             ... in a sewer.
             The game lasted 00:13:32 (2474 turns).

JEFFREY the Poker (Demigod Fighter)                 Turns: 2474, Time: 00:13:32

HP  -3/52        AC 12     Str 20      XL: 6   Next: 31%
MP  10/10        EV  3     Int 22      God:
Gold 130         SH 20     Dex 17      Spells:  0 memorised,  5 levels left

rFire  . . .     SeeInvis .     a - +1,+0 trident
rCold  . . .     Clarity  .     l - +0 plate armour
rNeg   . . .     Conserve .     c - +0 shield
rPois  .         rCorr    .     (no helmet)
rElec  .         rRot     .     (no cloak)
SustAb . .       Spirit   .     t - +0 pair of dwarf gloves
rMut   .         Warding  .     (no boots)
Saprov . . .     Stasis   .     (no amulet)
MR     .....                    (no ring)
                                k - +3 ring of intelligence

@: brilliant, flying, quite poisoned, not resistant to hostile enchantments,
extremely unstealthy
A: no striking features
a: no special abilities


You were in a sewer.
You were not hungry.

You visited 1 branch of the dungeon, and saw 3 of its levels.
You also visited: Sewer.

You collected 130 gold pieces.

Inventory:

Hand weapons
 a - a +1,+0 trident (weapon)
 f - a +1,+2 scythe
Armour
 c - a +0 shield (worn)
 l - a +0 plate armour (worn)
 t - a +0 pair of dwarven gloves (worn)
Comestibles
 d - 4 bread rations
 h - a choko
 m - a meat ration
Scrolls
 b - a scroll of enchant weapon I
 e - 3 scrolls of identify
 j - 2 scrolls of teleportation
 p - 2 scrolls of recharging {unknown}
 r - 2 scrolls of blinking {unknown}
 s - a scroll of immolation {unknown}
 x - a scroll of fog {unknown}
Jewellery
 k - a +3 ring of intelligence (left hand)
Potions
 g - a potion of paralysis {unknown}
 i - a potion of restore abilities {unknown}
 n - a potion of cure mutation {unknown}
 o - a potion of flight
 q - a potion of might {unknown}
 v - a potion of agility {unknown}
 w - a potion of brilliance
 z - 2 potions of curing {unknown}


   Skills:
 + Level 3.8 Fighting
 + Level 4.9 Polearms
 + Level 3.6 Armour
 + Level 3.2 Shields


You had 5 spell levels left.
You didn't know any spells.

Dungeon Overview and Level Annotations

Branches:
Dungeon (3/16)


Message History

You closely miss the big kobold.
The big kobold is almost dead.
* * * LOW HITPOINT WARNING * * *
You feel sick.
The big kobold hits you but does no damage.
You hit the big kobold.
The big kobold is almost dead.
* * * LOW HITPOINT WARNING * * *
You feel sick. You block the big kobold's attack.
Drink which item? (? for menu, Esc to quit)
You feel very buoyant.
You fly up into the air.
It was a potion of flight.
* * * LOW HITPOINT WARNING * * *
You feel sick.
The big kobold hits you but does no damage.
Drink which item? (? for menu, Esc to quit)
You feel clever all of a sudden.
It was a potion of brilliance.
The big kobold hits you with a short sword.
You die...

####### ##≈ ###
######..#..#!?#≈ ##..##
##......@#....!#≈≈
#.....###.......K')...#
.................#....!#≈≈
..##...........≈≈#..#!!#≈
..####......##.≈≈#### ##≈
...##......##≈≈≈≈≈#
.....≈≈≈..≈≈≈≈≈≈≈#≈#
≈≈...≈≈≈≈≈≈≈≈≈≈≈≈≈#≈
≈%≈≈≈≈≈≈≈≈≈≈≈≈≈≈≈#≈


You could see a big kobold.

Vanquished Creatures
  A big kobold (Sewer)
  Sigmund (D:3)
  Jessica (D:2)
  4 gnolls (D:2)
  6 adders
  5 green rats (Sewer)
  2 giant mites (D:3)
  A worm (D:2)
  2 giant geckos
  An ooze (D:1)
  2 orcs (D:3)
  6 giant cockroaches
  5 goblins
  7 hobgoblins
  2 jackals (D:3)
  17 kobolds
  4 ball pythons (Sewer)
  9 bats
  3 giant newts
  29 rats
  2 toadstools (D:1)
110 creatures vanquished.

Vanquished Creatures (others)
  2 toadstools (D:1)
2 creatures vanquished.

Grand Total: 112 creatures vanquished

Notes
Turn   | Place    | Note
--------------------------------------------------------------
     0 | D:1      | JEFFREY, the Demigod Fighter, began the quest for the Orb.
     0 | D:1      | Reached XP level 1. HP: 18/18 MP: 2/2
   114 | D:1      | Reached XP level 2. HP: 23/25 MP: 3/3
   732 | D:1      | Reached skill level 3 in Polearms
   980 | D:2      | Found a shattered altar of Ashenzari.
   985 | D:2      | Reached XP level 3. HP: 27/30 MP: 5/5
  1156 | D:2      | Noticed Jessica
  1176 | D:2      | Killed Jessica
  1484 | D:2      | Reached skill level 4 in Polearms
  1531 | D:2      | Reached XP level 4. HP: 37/37 MP: 7/7
  1775 | D:3      | Noticed Sigmund
  1796 | D:3      | Killed Sigmund
  1796 | D:3      | Reached XP level 5. HP: 27/45 MP: 8/8
  1960 | D:3      | Found a glowing drain.
  2020 | Sewer    | Entered a sewer
  2409 | Sewer    | Reached XP level 6. HP: 44/51 MP: 10/10
  2472 | Sewer    | HP: 2/52 [poisoned by a kobold]
  2474 | Sewer    | Slain by a big kobold

Action                   |  1- 3 |  4- 6 || total
-------------------------+-------+-------++-------
Melee: Trident           |   150 |   282 ||   432
  Use: Scroll            |     5 |       ||     5
       Potion            |       |     4 ||     4
